 Dungeon Sprint DCSS version 0.30.1-9-gdf580d7c3d (webtiles) character file.

Game seed: 3275362333339798284

15745 boopmooplesden the Executioner (level 12, -19/136 HPs)
             Began as a Minotaur Berserker on Oct 12, 2023.
             Was the Champion of Trog.
             Demolished by an orc knight
             ... wielding a +0 great sword
              (26 damage)
             ... in the Dungeon (Sprint IX: "|||||||||||||||||||||||||||||").
             The game lasted 00:03:31 (1527 turns).

boopmooplesden the Executioner (Minotaur Berserker) Turns: 1527, Time: 00:03:31

Health: -19/136    AC: 20    Str: 25    XL:     12   Next: 3%
Magic:  11/11      EV: 14    Int:  4    God:    Trog [******]
Gold:   1341       SH:  0    Dex: 15    Spells: 11/11 levels left

rFire   + . .        s - +10 battleaxe of Cowardice {flame, rElec rF+}
rCold   . . .        (shield currently unavailable)
rNeg    . . .        m - +0 plate armour
rPois   .            (helmet restricted)
rElec   +            u - +0 cloak
rCorr   .            (no gloves)
SInv    .            l - +0 pair of boots
Will    .....        (no amulet) Stlth
                     n - +3 ring of dexterity
HPRegen 0.42/turn    o - +2 ring of evasion
MPRegen 0.12/turn

%: no teleportation
@: on berserk cooldown, slowed, very slow
A: horns 2, retaliatory headbutt, no potion heal 1
a: Renounce Religion, Berserk, Trog's Hand, Brothers in Arms


You were in the Dungeon.
You worshipped Trog.
Trog was exalted by your worship.
You visited 1 branch You collected 1341 gold pieces.

Inventory:

Hand Weapons
 a - a +0 hand axe
 k - a +3 heavy war axe
 s - the +10 battleaxe of Cowardice (weapon) {flame, rElec rF+}
   (Trog gifted it to you in the Dungeon)

   rF:        It protects you from fire.
   rElec:     It insulates you from electricity.
 t - a +1 executioner's axe
 v - a +5 antimagic executioner's axe
Armour
 b - a +0 animal skin
 l - a +0 pair of boots (worn)
 m - a +0 plate armour (worn)
 u - a +0 cloak (worn)
Jewellery
 n - a +3 ring of dexterity (left hand)
 o - a +2 ring of evasion (right hand)
Wands
 j - a wand of acid (10)
Scrolls
 h - 3 scrolls of blinking
 p - a scroll of fear
 q - 2 scrolls of fog
 r - 2 scrolls of enchant armour
Potions
 c - 7 potions of curing
 d - a potion of heal wounds
 e - 3 potions of haste
 f - 4 potions of magic
 g - a potion of berserk rage
 i - 2 potions of invisibility


   Skills:
 + Level 21.0 Fighting
 + Level 23.4 Axes
 + Level 15.7 Armour
 + Level 9.3 Dodging
 + Level 1.5 Stealth


You had 11 spell levels left.
You didn't know any spells.
Your spell library was empty.

Dungeon Overview and Level Annotations

Branches:
Dungeon (1/1)

Altars:
Cheibriados
Dithmenos
Elyvilon
Fedhas
Gozag
Hepliaklqana
Kikubaaqudgha
Makhleb
Nemelex Xobeh
Okawaru
Qazlal
Ru
Sif Muna
Trog
Uskayaw
Vehumet
Wu Jian
Xom
Yredelemnul
Zin
The Shining One
Jiyva
Lugonu

Shops:
D *((*


Innate Abilities, Weirdness & Mutations

You have a pair of horns on your head.
You reflexively headbutt those who attack you in melee.
Potions are less effective at restoring your health.


Message History

The barbs in your skin will harm you if you move.
Continue?
The barbed spikes dig painfully into your body as you move.
* * * LOW HITPOINT WARNING * * *
There is an open door to Orc:2, spattered with blood here.
Items here: )) [[ †.
You slice the orc knight!! You burn the orc knight.
Your headbutt misses the orc knight.
The orc knight is moderately wounded.
The orc knight roars a battlecry!
The orc knight goes into a battle-frenzy!
The orc knight hits you with a +0 halberd.
* * * LOW HITPOINT WARNING * * *
You chop the orc knight into pieces!!! You burn the orc knight.
The orc knight is almost dead.
You hit the orc knight but do no damage.
The orc knight is almost dead.
The orc knight barely misses you.
You slice the orc knight like a ripe choko!!!
You burn the orc knight.
You kill the orc knight!
Trog accepts your kill.
Your Fighting skill increases to level 21!
The barbed spikes dig painfully into your body as you move.
* * * LOW HITPOINT WARNING * * *
Items here: $ ))) [[[ ††.
The barbed spikes dig painfully into your body as you move.
* * * LOW HITPOINT WARNING * * *
The barbed spikes snap loose.
You feel a strong urge to attack something.
You are no longer berserk.
You are exhausted.
You feel yourself slow down.
The orc knight hits you with a +0 great sword!
* * * LOW HITPOINT WARNING * * *
Items here: $ )) [[ ††.
You open the orc knight like a pillowcase!!!
You burn the orc knight! Your headbutt misses the orc knight.
The orc knight is severely wounded.
The orc knight hits you with a +0 great sword!!
You die...

▓▓▓▓▓▓▓▓▓▓▓▓▓▓▓▓▓▓▓▓▓▓▓▓▓▓▓▓▓▓▓
o4o.∩.∩.∩)∩)$o@))).....))))))).
▓▓▓▓▓▓▓▓▓▓▓▓▓▓▓▓▓▓▓▓▓▓▓▓▓▓▓▓▓▓▓▓▓
............................)†)..
▓▓▓▓▓▓▓▓▓▓▓▓▓▓▓▓▓▓▓▓▓▓▓▓▓▓▓▓▓▓▓▓▓
[[..'........††..†..†......†)...†
▓▓▓▓▓▓▓▓▓▓▓▓▓▓▓▓▓▓▓▓▓▓▓▓▓▓▓▓▓▓▓▓▓
.................................
▓▓▓▓▓▓▓▓▓▓▓▓▓▓▓▓▓▓▓▓▓▓▓▓▓▓▓▓▓▓▓▓▓
).....)[...[..)?.'_______________


You could see an orc knight (strong).

Vanquished Creatures
  A hydra (D)
  A boulder beetle (D)
  A two-headed ogre (D)
  6 orc high priests (D)
  A skyshark (D)
  5 orc knights (D)
  An oklob plant (D)
  An orc sorcerer (D)
  A rime drake (D)
  A cane toad (D)
  2 komodo dragons (D)
  An efreet (D)
  2 trolls (D)
  4 polar bears (D)
  A wyvern (D)
  A wraith (D)
  A basilisk (D)
  2 yaks (D)
  Grum (D)
  2 vampire mosquitoes (D)
  4 water moccasins (D)
  10 orc warriors (D)
  5 black bears (D)
  4 wolves (D)
  A centaur (D)
  A phantom (D)
  3 bullfrogs (D)
  A scorpion (D)
  3 orc priests (D)
  An orc wizard (D)
  12 orcs (D)
  A bat (D)
  An endoplasm (D)
  2 giant cockroaches (D)
  A quokka (D)
  A frilled lizard (D)
87 creatures vanquished.

Vanquished Creatures (collateral kills)
  An orc high priest (D)
  An orc knight (D)
2 creatures vanquished.

Vanquished Creatures (others)
  A slime creature (D)
1 creature vanquished.

Grand Total: 90 creatures vanquished

Notes
Turn   | Place    | Note
-------+----------+-------------------------------------------
     0 | D        | boopmooplesden the Minotaur Berserker began the quest for
                  | the Orb.
     0 | D        | Reached XP level 1. HP: 19/19 MP: 0/0
    12 | D        | Reached ** piety under Trog
    13 | D        | Reached skill level 4 in Axes
    27 | D        | Noticed a phantom
    33 | D        | Killed a phantom
    34 | D        | Reached skill level 6 in Axes
    34 | D        | Reached XP level 2. HP: 34/34 MP: 1/1
    34 | D        | Reached XP level 3. HP: 39/39 MP: 2/2
    34 | D        | Reached XP level 4. HP: 47/47 MP: 3/3
    34 | D        | Reached *** piety under Trog
    35 | D        | Reached skill level 7 in Axes
    61 | D        | Found a snail-covered altar of Cheibriados.
    61 | D        | Found a shadowy altar of Dithmenos.
    61 | D        | Found a white marble altar of Elyvilon.
    61 | D        | Found a blossoming altar of Fedhas.
    61 | D        | Found an opulent altar of Gozag.
    62 | D        | Found a hazy altar of Hepliaklqana.
    63 | D        | Found a viscous altar of Jiyva.
    64 | D        | Found an ancient bone altar of Kikubaaqudgha.
    65 | D        | Found a corrupted altar of Lugonu.
    66 | D        | Found a burning altar of Makhleb.
    67 | D        | Found a sparkling altar of Nemelex Xobeh.
    68 | D        | Found an iron altar of Okawaru.
    69 | D        | Found a stormy altar of Qazlal.
    70 | D        | Found a sacrificial altar of Ru.
    71 | D        | Found a shimmering blue altar of Sif Muna.
    72 | D        | Found a bloodstained altar of Trog.
    73 | D        | Found a hide-covered altar of Uskayaw.
    74 | D        | Found a radiant altar of Vehumet.
    75 | D        | Found an ornate altar of the Wu Jian Council.
    76 | D        | Found a shimmering altar of Xom.
    77 | D        | Found a basalt altar of Yredelemnul.
    78 | D        | Found a glowing silver altar of Zin.
    79 | D        | Found a glowing golden altar of the Shining One.
   127 | D        | Noticed a wraith
   127 | D        | Noticed a centaur
   127 | D        | Noticed a yak
   127 | D        | Noticed a troll
   127 | D        | Noticed a vampire mosquito
   127 | D        | Noticed a komodo dragon
   133 | D        | Killed a komodo dragon
   134 | D        | Reached skill level 10 in Fighting
   134 | D        | Reached skill level 10 in Axes
   134 | D        | Reached skill level 5 in Armour
   134 | D        | Reached skill level 5 in Dodging
   134 | D        | Reached XP level 5. HP: 59/59 MP: 4/4
   134 | D        | Reached XP level 6. HP: 67/67 MP: 5/5
   136 | D        | Killed a vampire mosquito
   136 | D        | Reached **** piety under Trog
   137 | D        | Reached skill level 11 in Axes
   139 | D        | Killed a troll
   140 | D        | Reached skill level 12 in Axes
   140 | D        | Reached XP level 7. HP: 60/75 MP: 6/6
   141 | D        | Killed a yak
   142 | D        | Reached skill level 13 in Axes
   151 | D        | Killed a wraith
   152 | D        | Reached XP level 8. HP: 45/85 MP: 7/7
   268 | D        | Noticed a slime creature
   268 | D        | Noticed an efreet
   268 | D        | Noticed a troll
   268 | D        | Noticed a boulder beetle
   268 | D        | Noticed a two-headed ogre
   273 | D        | Reached ***** piety under Trog
   274 | D        | Reached skill level 14 in Axes
   276 | D        | Killed a two-headed ogre
   277 | D        | Reached skill level 15 in Axes
   279 | D        | Killed a boulder beetle
   280 | D        | Reached skill level 16 in Axes
   280 | D        | Reached XP level 9. HP: 96/96 MP: 8/8
   281 | D        | Killed a troll
   282 | D        | Reached skill level 17 in Axes
   283 | D        | Killed an efreet
   284 | D        | Reached skill level 15 in Fighting
   424 | D        | Noticed a rime drake
   426 | D        | Noticed a skyshark
   429 | D        | Reached ****** piety under Trog
   430 | D        | Reached skill level 10 in Armour
   433 | D        | Identified the +10 battleaxe of Cowardice {flame, rElec
                  | rF+} (Trog gifted it to you in the Dungeon)
   433 | D        | Received a gift from Trog
   434 | D        | Reached skill level 18 in Axes
   435 | D        | Killed a rime drake
   436 | D        | Reached skill level 1 in Stealth
   440 | D        | Killed a skyshark
   441 | D        | Reached XP level 10. HP: 47/107 MP: 9/9
   442 | D        | Noticed a cane toad
   447 | D        | Killed a cane toad
   448 | D        | Reached skill level 19 in Axes
   630 | D        | Received a gift from Trog
   633 | D        | Noticed an oklob plant
   634 | D        | Noticed an eight-headed hydra
   642 | D        | Killed an oklob plant
   644 | D        | Killed a six-headed hydra
   645 | D        | Reached skill level 20 in Axes
   777 | D        | Received a gift from Trog
   874 | D        | Noticed Grum
   880 | D        | Received a gift from Trog
   884 | D        | Killed Grum
   885 | D        | Reached skill level 21 in Axes
   885 | D        | Reached XP level 11. HP: 112/118 MP: 10/10
   952 | D        | Received a gift from Trog
  1136 | D        | Noticed an orc knight
  1145 | D        | Killed an orc knight
  1154 | D        | Noticed an orc sorcerer
  1157 | D        | Received a gift from Trog
  1159 | D        | Noticed a sixfirhy
  1164 | D        | Gained mutation: Potions are less effective at restoring
                  | your health. [a neqoxec]
  1174 | D        | Killed an orc sorcerer
  1433 | D        | Found Eprumeil's General Store.
  1433 | D        | Noticed an orc high priest
  1433 | D        | Noticed an orc high priest
  1433 | D        | Noticed an orc knight
  1433 | D        | Noticed an orc knight
  1433 | D        | Noticed an orc knight
  1440 | D        | Killed an orc knight
  1440 | D        | Received a gift from Trog
  1441 | D        | Noticed an orc knight
  1445 | D        | Killed an orc knight
  1447 | D        | Killed an orc knight
  1448 | D        | Reached skill level 22 in Axes
  1448 | D        | Found Urugeeno's Weapon Shop.
  1451 | D        | Noticed an orc high priest
  1455 | D        | Killed an orc high priest
  1458 | D        | Noticed an orc high priest
  1460 | D        | Killed an orc high priest
  1462 | D        | Noticed an orc high priest
  1467 | D        | Killed an orc knight
  1470 | D        | Noticed a sixfirhy
  1471 | D        | Killed an orc high priest
  1473 | D        | Killed an orc high priest
  1474 | D        | Reached skill level 15 in Armour
  1478 | D        | Found Wuczehe's Weapon Boutique.
  1478 | D        | Noticed an orc high priest
  1483 | D        | Killed an orc high priest
  1484 | D        | Reached skill level 23 in Axes
  1484 | D        | Found Xifrug's General Store.
  1486 | D        | Killed an orc high priest
  1486 | D        | Received a gift from Trog
  1489 | D        | Noticed an orc high priest
  1490 | D        | Noticed an orc knight
  1493 | D        | Noticed a soul eater
  1517 | D        | Noticed an orc knight
  1519 | D        | Killed an orc high priest
  1520 | D        | Reached XP level 12. HP: 44/134 MP: 11/11
  1526 | D        | HP: 6/136 [orc knight/+0 great sword (15)]
  1527 | D        | Demolished by an orc knight

Illustrated notes

Levels and vault maps discovered:
D:        linesprint [early_d, line_temple, items_1, d_10, items_2, lair_1,
          lair_end, items_3, orc_1, orc_end, items_4, d_15, swamp_1, shoals_1,
          snake_1, spider_1, d_20, vaults_1, items_5, swamp_end, shoals_end,
          snake_end, spider_end, vaults_end, d_27, items_6, zot_1, zot_end,
          crypt_end, forest_end, elf_end, slime_end, tomb_end, abyss_end,
          pan_hell_end]

Skill      XL: |  1  2  3  4  5  6  7  8  9 10 11 12 |
---------------+-------------------------------------+-----
Fighting       | 7 10 11 12 14 16 17 20 21 | 21.0
Axes           | 6 10 12 13 16 18 21 23 | 23.4
Armour         | 3 5 7 9 10 13 15 | 15.7
Dodging        | 3 5 6 7 8 9 |  9.3
Stealth        | 1 |  1.5

Action                     |  1- 3 |  4- 6 |  7- 9 | 10-12 || total
---------------------------+-------+-------+-------+-------++-------
  Melee: Hand axe          |    22 |     7 |       |       ||    29
         Punch             |     3 |       |     1 |       ||     4
         Headbutt          |     1 |     1 |     6 |    27 ||    35
         War axe           |       |    11 |    42 |     3 ||    56
         Battleaxe         |       |       |       |   145 ||   145
 Invoke: Berserk           |     1 |     1 |     1 |     5 ||     8
         Brothers in Arms  |       |       |       |     1 ||     1
    Use: Potion            |       |       |       |     6 ||     6
 Armour: Animal skin       |     5 |     1 |       |       ||     6
         Plate armour      |       |     4 |    20 |    33 ||    57
  Dodge: Dodged            |    13 |     9 |    28 |    52 ||   102
